 Dungeon Crawl Stone Soup version 0.18.1-50-g88ac8fd (webtiles) character file.

35252 theElss the Thaumaturge (level 13, -12/92 HPs)
             Began as a High Elf Conjurer on Sept 19, 2016.
             Was a High Priest of Vehumet.
             Mangled by a death yak (21 damage)
             ... on level 5 of the Lair of Beasts.
             The game lasted 01:17:47 (20431 turns).

theElss the Thaumaturge (High Elf Conjurer)        Turns: 20431, Time: 01:17:47

Health: -12/92     AC:  7    Str:  8    XL:     13   Next: 46%
Magic:  2/65       EV: 23    Int: 24    God:    Vehumet [*****.]
Gold:   762        SH:  0    Dex: 16    Spells: 6 memorised, 20 levels left

rFire  . . .     SeeInvis .     t - staff of power
rCold  . . .     Gourm    .     a - +0 robe
rNeg   + . .     Faith    .     (no shield)
rPois  .         Spirit   .     Q - +2 helmet
rElec  .         Dismiss  .     G - +0 cloak
rCorr  .         Reflect  .     B - +0 pair of gloves
SustAt .         Harm     .     (no boots)
MR     +....                    D - amulet of Ruiph {rN+ Regen+ MP+9}
Stlth  ++........               F - +6 ring of evasion
                                h - ring of magical power

@: somewhat resistant to hostile enchantments, unstealthy
A: no striking features
a: Renounce Religion


You were on level 5 of the Lair of Beasts.
You worshipped Vehumet.
Vehumet was extremely pleased with you.
You were hungry.

You visited 3 branches of the dungeon, and saw 17 of its levels.

You collected 970 gold pieces.
You spent 208 gold pieces at shops.

Inventory:

Hand Weapons
 J - a +1 flail of protection
Armour
 a - a +0 robe (worn)
 B - a +0 pair of gloves (worn)
 G - a +0 cloak (worn)
 Q - a +2 helmet (worn)
Magical Staves
 t - an uncursed staff of power (weapon)
 M - an uncursed staff of wizardry
Jewellery
 h - a ring of magical power (left hand)
 j - an uncursed ring of flight
 n - an uncursed ring of stealth
 D - the amulet of Ruiph (around neck) {rN+ Regen+ MP+9}
   (You found it on level 3 of the Lair of Beasts)

   [amulet of regeneration]

   It protects you from negative energy.
   It affects your magic capacity (+9).
   It increases your rate of regeneration.
 F - a +6 ring of evasion (right hand)
 P - an uncursed ring of protection from cold
 X - an uncursed ring of see invisible
Wands
 v - a wand of paralysis (12/24)
 x - a wand of disintegration (18/24)
 K - a wand of polymorph (14/24)
 N - a wand of slowing (24/48)
 O - a wand of polymorph (17/24)
 U - a wand of acid (9/15)
 V - a wand of flame (8/48)
 Y - a wand of flame (30/48)
 Z - a wand of paralysis (18/24)
Scrolls
 f - 4 scrolls of fear {unknown}
 g - 5 scrolls of teleportation
 l - 8 scrolls of remove curse
 r - 2 scrolls of enchant armour {unknown}
 s - 3 scrolls of magic mapping
 y - 4 scrolls of enchant weapon {unknown}
 A - a scroll of random uselessness {unknown}
 C - a scroll of recharging
 H - 2 scrolls of amnesia
 T - 2 scrolls of blinking {unknown}
 W - 2 scrolls of noise {unknown}
Potions
 e - 7 potions of lignification
 i - 3 potions of magic
 k - 10 potions of curing
 m - 2 potions of might
 o - 4 potions of haste
 p - 5 potions of heal wounds
 u - 2 potions of degeneration {unknown}
 w - a potion of cure mutation {unknown}
 z - a potion of resistance {unknown}
 E - 3 potions of agility
 I - 2 potions of ambrosia {unknown}
 R - 2 potions of invisibility
Books
 S - a book of Envenomations

   Spells                             Type                      Level
   a - Spider Form                    Transmutation/Poison         3
   b - Olgreb's Toxic Radiance        Poison                       4
   c - Alistair's Intoxication        Transmutation/Poison         5
   d - Poisonous Cloud                Conjuration/Poison/Air       6
Comestibles
 b - 3 meat rations
 c - 12 bread rations
 d - 4 chunks of flesh
 q - 20 fruits


   Skills:
 * Level 10.2 Fighting
 + Level 8.0 Dodging
 - Level 2.1 Stealth
 + Level 14.7 Spellcasting
 + Level 14.2 Conjurations
 * Level 6.3 Fire Magic


You had 20 spell levels left.
You knew the following spells:

 Your Spells              Type           Power        Failure   Level  Hunger
a - Magic Dart            Conj           ####         0%          1    None
b - Iskenderun's Battles  Conj/Chrm      ######..     1%          5    ##.....
c - Searing Ray           Conj           ######       0%          2    None
d - Iskenderun's Mystic   Conj           ######..     1%          4    None
e - Ignite Poison         Fire/Trmt/Pois ####....     1%          3    None
f - Iron Shot             Conj/Erth      ######....   9%          6    ####...


Dungeon Overview and Level Annotations

Branches:
Dungeon (10/15)            Temple (1/1) D:6            Lair (6/8) D:10
  Swamp (0/4) Lair:3       Spider (0/4) Lair:4        Slime (0/6) Lair:6
    Orc: D:9-12

Altars:
Ashenzari
Cheibriados
Dithmenos
Elyvilon
Fedhas
Gozag
Kikubaaqudgha
Makhleb
Nemelex Xobeh
Okawaru
Pakellas
Qazlal
Ru
Sif Muna
Trog
Vehumet
Xom
Yredelemnul
Zin
The Shining One
Jiyva

Shops:
D:8 !

Annotations:
Lair:4 appiemonkey's ghost, journeyman MiFi


Message History

The yak gores you.
* * * LOW HITPOINT WARNING * * *
The death yak misses you.
Casting: Iskenderun's Mystic Blast
Confirm with . or Enter, or press ? or * to list all spells.
You don't have enough magic to cast that spell.
Casting: Iskenderun's Mystic Blast
Confirm with . or Enter, or press ? or * to list all spells.
Aiming: Magic Dart
Press: ? - help, Shift-Dir - straight line, f/p - death yak
Aim: a death yak (almost dead)
The magic dart hits the death yak.
The death yak is almost dead.
Your battlesphere fires!
The barrage of energy hits the death yak.
The death yak is almost dead.
The yak gores you.
* * * LOW HITPOINT WARNING * * *
The death yak gores you!!
You die...

# ##..P.## #....##...P###...##
#.#..#.###...###P..###.#....
#######.....#.#....##....###.....
........................##.....##
........................#..#....#
P...............................#
..#...............*?.............
.###....................#....P...
####............@Y>.....###.P....
#.#P.............Y......##.....#.
..........................##..##.
...........................#.....
P##...........##.#.#......#...#<.
###............#####.#.....(..#..
##...........### ###........##.
###...........########.....#.....
###..........###..#P....###....##


You could see a death yak, a yak and a friendly battlesphere.

Vanquished Creatures
  The ghost of Krapule the Covert, a journeyman OpMo of Cheibriados (Lair:2)
  5 hydras
  5 death yaks
  Urug (Lair:2)
  A hill giant (D:10)
  A griffon (Lair:5)
  An ugly thing (D:9)
  3 elephants (Lair:5)
  2 black mambas
  2 torpor snails (Lair:3)
  Psyche (D:8)
  A gargoyle (D:9)
  10 spiny frogs
  2 centaur skeletons (D:10)
  6 komodo dragons
  A troll (D:10)
  A polar bear (Lair:6)
  6 blink frogs (Lair:5)
  A boulder beetle (Lair:4)
  17 yaks
  A wraith (D:10)
  A spriggan (Lair:1)
  A basilisk (Lair:4)
  7 hippogriffs
  Grum (D:9)
  A steam dragon (D:10)
  Menkaure (D:7)
  6 swamp worms (Lair:5)
  A soldier ant (D:8)
  15 water moccasins
  Duvessa (D:7)
  3 orc warriors
  12 porcupines
  5 phantoms
  3 ice beasts
  2 wasps (D:8)
  2 sky beasts
  2 black bears
  3 ogres
  5 crocodiles
  22 wolves
  5 centaurs
  19 giant frogs
  Dowan (D:7)
  A water moccasin zombie (D:9)
  4 scorpions
  A water moccasin skeleton (D:7)
  6 killer bees (D:7)
  8 wights
  The ghost of cedor the Grasshopper, a weakling DsWr (D:3)
  2 howler monkeys
  An electric eel (Lair:2)
  5 crimson imps
  2 gnoll shamans
  4 giant frog zombies
  8 hounds
  3 jellies (D:9)
  2 orc priests
  3 orc wizards
  12 iguanas
  5 worker ants
  3 worker ant zombies
  7 gnolls
  65 river rats
  7 adders
  4 shadow imps
  An adder zombie (D:5)
  17 worms
  5 dart slugs
  5 giant geckos
  24 orcs
  8 bats
  8 giant cockroaches
  5 goblins
  6 hobgoblins
  2 jackals
  4 quokkas
  A ball python (D:5)
  A giant gecko skeleton (D:4)
  11 giant newts
  5 kobolds
  A quokka skeleton (D:5)
  5 rats
  A fungus (Lair:6)
452 creatures vanquished.

Vanquished Creatures (others)
  3 fungi
  4 plants
7 creatures vanquished.

Grand Total: 459 creatures vanquished

Notes
Turn   | Place    | Note
--------------------------------------------------------------
     0 | D:1      | theElss the High Elf Conjurer began the quest for the Orb.
     0 | D:1      | Reached XP level 1. HP: 11/11 MP: 4/4
   494 | D:1      | Reached XP level 2. HP: 18/18 MP: 3/6
  1004 | D:1      | Reached skill level 1 in Fighting
  1126 | D:1      | Learned a level 2 spell: Searing Ray
  1294 | D:1      | Reached XP level 3. HP: 23/23 MP: 5/8
  1680 | D:1      | Reached skill level 5 in Conjurations
  2394 | D:2      | Reached XP level 4. HP: 28/28 MP: 6/9
  2626 | D:3      | Noticed cedor's ghost (weakling DsWr)
  2632 | D:3      | Killed cedor's ghost
  3153 | D:3      | Reached XP level 5. HP: 34/34 MP: 7/11
  3160 | D:3      | Learned a level 5 spell: Iskenderun's Battlesphere
  3389 | D:4      | Noticed an ogre
  3542 | D:4      | Reached XP level 6. HP: 39/41 MP: 11/13
  3969 | D:4      | Found a sparkling altar of Nemelex Xobeh.
  3969 | D:4      | Found a snail-covered altar of Cheibriados.
  3970 | D:4      | Found a blossoming altar of Fedhas.
  4096 | D:5      | Entered Level 5 of the Dungeon
  4262 | D:5      | Learned a level 4 spell: Iskenderun's Mystic Blast
  4388 | D:5      | Reached skill level 5 in Spellcasting
  4592 | D:5      | Reached XP level 7. HP: 39/46 MP: 10/15
  5332 | D:5      | Found a deep blue altar of Sif Muna.
  5695 | D:6      | Found a staircase to the Ecumenical Temple.
  5704 | Temple   | Entered the Ecumenical Temple
  5715 | Temple   | Became a worshipper of Vehumet
  5826 | D:6      | Found a white marble altar of Elyvilon.
  6130 | D:6      | Reached XP level 8. HP: 47/54 MP: 11/18
  6256 | D:6      | Found a shattered altar of Ashenzari.
  7357 | D:7      | Noticed Duvessa
  7357 | D:7      | Noticed Dowan
  7365 | D:7      | Killed Duvessa
  7365 | D:7      | Reached skill level 5 in Fighting
  7366 | D:7      | Killed Dowan
  7366 | D:7      | Reached * piety under Vehumet
  7366 | D:7      | Offered knowledge of Shock by Vehumet.
  7583 | D:7      | Reached XP level 9. HP: 61/61 MP: 15/21
  7688 | D:7      | Noticed Menkaure
  7695 | D:7      | Killed Menkaure
  7827 | D:7      | Found an ancient bone altar of Kikubaaqudgha.
  7936 | D:7      | Reached skill level 5 in Dodging
  8046 | D:7      | Found a white marble altar of Elyvilon.
  9115 | D:8      | Noticed Psyche
  9117 | D:8      | Killed Psyche
  9117 | D:8      | Offered knowledge of Throw Frost by Vehumet.
  9207 | D:8      | Found Aryah's Distillery.
  9216 | D:8      | Found a shimmering altar of Xom.
  9223 | D:8      | Bought a potion of invisibility for 104 gold pieces
  9223 | D:8      | Bought a potion of brilliance for 52 gold pieces
  9223 | D:8      | Bought a potion of might for 52 gold pieces
  9231 | D:8      | Reached ** piety under Vehumet
  9916 | D:8      | Found an oddly glowing altar of Pakellas.
  9930 | D:8      | Reached skill level 10 in Conjurations
  9930 | D:8      | Reached XP level 10. HP: 69/69 MP: 24/24
 10345 | D:9      | Noticed an eight-headed hydra
 10350 | D:9      | Killed an eight-headed hydra
 10350 | D:9      | Reached skill level 10 in Spellcasting
 10445 | D:9      | Noticed Grum
 10448 | D:9      | Killed Grum
 10723 | D:9      | Noticed a brown ugly thing
 10727 | D:9      | Killed a brown ugly thing
 10772 | D:9      | Noticed a gargoyle
 10777 | D:9      | Killed a gargoyle
 10917 | D:9      | Offered knowledge of Ignite Poison by Vehumet.
 10955 | D:9      | Learned a level 3 spell: Ignite Poison
 11163 | D:9      | Reached *** piety under Vehumet
 11293 | D:9      | Found a burning altar of Makhleb.
 11358 | D:10     | Entered Level 10 of the Dungeon
 11478 | D:10     | Reached skill level 1 in Fire Magic
 11917 | D:10     | Reached XP level 11. HP: 75/75 MP: 25/27
 12449 | D:10     | Found a staircase to the Lair.
 12486 | D:10     | Noticed a hill giant
 12494 | D:10     | Killed a hill giant
 12798 | Lair:1   | Entered Level 1 of the Lair of Beasts
 12839 | Lair:1   | Offered knowledge of Olgreb's Toxic Radiance by Vehumet.
 13387 | Lair:1   | Noticed a seven-headed hydra
 13391 | Lair:1   | Killed a seven-headed hydra
 13534 | Lair:1   | Reached **** piety under Vehumet
 13999 | Lair:2   | Noticed Urug
 14003 | Lair:2   | Killed Urug
 14150 | Lair:2   | Offered knowledge of Bolt of Draining by Vehumet.
 14389 | Lair:2   | Noticed a seven-headed hydra
 14393 | Lair:2   | Killed a seven-headed hydra
 14470 | Lair:2   | Noticed Krapule's ghost (journeyman OpMo)
 14482 | Lair:2   | Killed Krapule's ghost
 14487 | Lair:2   | Reached XP level 12. HP: 69/84 MP: 13/29
 15480 | Lair:3   | Found a staircase to the Swamp.
 15490 | Lair:3   | Got a crude bone amulet
 15491 | Lair:3   | Identified the amulet of Ruiph {rN+ Regen+ MP+9} (You found it on level 3 of the Lair of Beasts)
 15559 | Lair:3   | Reached ***** piety under Vehumet
 15559 | Lair:3   | Offered knowledge of Iron Shot by Vehumet.
 15796 | Lair:3   | Found a snail-covered altar of Cheibriados.
 15826 | Lair:3   | Noticed a six-headed hydra
 15833 | Lair:3   | Killed a six-headed hydra
 16534 | Lair:4   | Noticed appiemonkey's ghost (journeyman MiFi)
 16605 | Lair:4   | Found a hole to the Spider Nest.
 18060 | Lair:5   | Reached skill level 5 in Fire Magic
 18125 | Lair:5   | Noticed a four-headed hydra
 18127 | Lair:5   | Killed a four-headed hydra
 18625 | Lair:5   | Learned a level 6 spell: Iron Shot
 18834 | Lair:5   | Reached XP level 13. HP: 91/91 MP: 32/32
 18971 | Lair:5   | Offered knowledge of Airstrike by Vehumet.
 19603 | Lair:6   | Found a staircase to the Slime Pits.
 19603 | Lair:6   | Found a viscous altar of Jiyva.
 19928 | Lair:5   | Reached skill level 10 in Fighting
 20431 | Lair:5   | Mangled by a death yak

Skill      XL: |  1  2  3  4  5  6  7  8  9 10 11 12 13 |
---------------+----------------------------------------+-----
Fighting       | 1 2 3 4 5 6 7 8 9 10 | 10.2
Conjurations   | 5 6 7 8 10 11 12 13 14 | 14.2
Spellcasting   | 3 4 5 6 7 9 11 12 14 | 14.7
Dodging        | 3 4 5 6 7 8 |  8.0
Fire Magic     | 1 3 5 6 |  6.3
Stealth        | |  2.1

Action                   |  1- 3 |  4- 6 |  7- 9 | 10-12 | 13-15 || total
-------------------------+-------+-------+-------+-------+-------++-------
Melee: Short sword       |     2 |       |       |       |       ||     2
       Flail             |       |       |    11 |       |       ||    11
       Staff             |       |       |       |     2 |     1 ||     3
 Cast: Magic Dart        |    78 |    70 |   108 |   237 |    67 ||   560
       Searing Ray       |     5 |    12 |    46 |    29 |     2 ||    94
       Iskenderun's Myst |       |       |    46 |   222 |    69 ||   337
       Iskenderun's Batt |       |       |       |    80 |    28 ||   108
       Ignite Poison     |       |       |       |     3 |       ||     3
  Use: Scroll            |       |       |     9 |     4 |     1 ||    14
  Eat: Chunk             |     4 |     7 |    18 |    33 |     6 ||    68
       Fruit             |       |       |     1 |     3 |       ||     4
       Pizza             |       |       |       |     1 |       ||     1
Armor: Robe              |     3 |     3 |     7 |    17 |     8 ||    38
Dodge: Dodged            |     7 |    10 |    59 |    93 |    61 ||   230
